 Dungeon Crawl Stone Soup version 0.19-a0-36-g4a0968a (webtiles) character file.

5714 mrath the Basher (level 10, 0/91 HPs)
             Began as a Minotaur Fighter on May 4, 2016.
             Was a Priest of Okawaru.
             Slain by a killer bee (1 damage)
             ... on level 9 of the Dungeon.
             The game lasted 00:46:19 (9901 turns).

mrath the Basher (Minotaur Fighter)                 Turns: 9901, Time: 00:46:20

Health: 0/91       AC: 14    Str: 23    XL:     10   Next: 48%
Magic:  11/11      EV:  2    Int:  5    God:    Okawaru [***...]
Gold:   521        SH: 11    Dex: 11    Spells: 0 memorised, 9 levels left

rFire  . . .     SeeInvis .     e - +2 mace (drain)
rCold  . . .     Gourm    .     b - +0 plate armour
rNeg   + . .     Faith    .     c - +0 shield
rPois  .         Spirit   .     (helmet restricted)
rElec  .         Dismiss  .     u - +0 cloak
rCorr  +         Reflect  .     (no gloves)
SustAt .         Harm     .     (no boots)
MR     .....                    (no amulet)
Stlth  ..........               G - ring of positive energy
                                q - ring of resist corrosion

@: lethally poisoned (0 -> -11), not resistant to hostile enchantments,
extremely unstealthy
A: retaliatory headbutt, horns 2
a: Heroism, Renounce Religion


You were on level 9 of the Dungeon.
You worshipped Okawaru.
Okawaru was most pleased with you.
You were hungry.

You visited 2 branches of the dungeon, and saw 10 of its levels.

You collected 521 gold pieces.

Inventory:

Hand Weapons
 e - a +2 mace of draining (weapon)
 h - a cursed -2 whip
 s - a +0 hunting sling
 P - the cursed +0 long sword "Anatarej" {slice, -Tele *Contam rC+ Str+10}
   (You found it on level 8 of the Dungeon)

   It inflicts extra damage upon your enemies.
   It affects your strength (+10).
   It protects you from cold.
   It prevents most forms of teleportation.
   It causes magical contamination when unequipped.
   It has a curse placed upon it.
Missiles
 r - 316 stones
 y - 8 tomahawks (quivered)
 E - 11 poisoned needles
 Q - 6 needles of sleeping
Armour
 b - a +0 plate armour (worn)
 c - a +0 shield (worn)
 u - a +0 cloak (worn)
 S - a +0 chain mail
Jewellery
 o - an uncursed ring of sustain attributes
 q - a ring of resist corrosion (left hand)
 G - a ring of positive energy (right hand)
 I - an uncursed ring of protection from cold
 M - an uncursed ring of protection from cold
Wands
 l - a wand of heal wounds (3/9)
 D - a wand of heal wounds (5/9)
 K - a wand of slowing (28/48)
 R - a wand of acid (3/15)
 T - a wand of acid (1/15)
Scrolls
 j - 3 scrolls of identify
 p - 8 scrolls of teleportation
 w - a scroll of blinking {unknown}
 z - 5 scrolls of remove curse
 B - 2 scrolls of fear
 C - a scroll of magic mapping {unknown}
 F - 4 scrolls of fog {unknown}
 J - a scroll of recharging {unknown}
 O - a scroll of enchant weapon {unknown}
Potions
 d - a potion of degeneration {unknown}
 i - 5 potions of brilliance
 k - a potion of magic {unknown}
 t - 2 potions of ambrosia
 v - a potion of resistance {unknown}
 x - a potion of heal wounds {unknown}
 A - a potion of flight {unknown}
 H - a potion of haste {unknown}
Books
 L - a book of Transfigurations

   Spells                             Type                      Level
   a - Irradiate                      Conjuration/Transmutation    5
   b - Statue Form                    Transmutation/Earth          6
   c - Hydra Form                     Transmutation                6
   d - Dragon Form                    Transmutation                7
Comestibles
 f - 10 bread rations
 g - 6 beef jerkies
 m - 4 fruits
 n - 4 meat rations
 N - a royal jelly


   Skills:
 * Level 9.2 Fighting
 + Level 11.4 Maces & Flails
 + Level 4.4 Throwing
 + Level 7.0 Armour
 + Level 5.1 Dodging
 + Level 6.6 Shields
 + Level 3.3 Evocations


You had 9 spell levels left.
You didn't know any spells.

Dungeon Overview and Level Annotations

Branches:
Dungeon (9/15)             Temple (1/1) D:6
   Lair: D:8-11         Orc: D:9-12

Altars:
Ashenzari
Cheibriados
Dithmenos
Elyvilon
Fedhas
Gozag
Kikubaaqudgha
Nemelex Xobeh
Okawaru
Pakellas
Qazlal
Ru
Sif Muna
Trog
Vehumet
Xom
Yredelemnul
The Shining One

Shops:
D:7 [

Annotations:
D:4 Zhenya25pyc's ghost, amateur GrFi


Innate Abilities, Weirdness & Mutations

You reflexively headbutt those who attack you in melee.
You have a pair of horns on your head.


Message History

* * * LOW HITPOINT WARNING * * *
You feel sick. The killer bee barely misses you. You furiously retaliate!
You headbutt the killer bee, but do no damage.
Things that are here:
a robe; a dagger
* * * LOW HITPOINT WARNING * * *
You feel sick.
The killer bee stings you but does no damage. x2
You block the killer bee's attack. The killer bee stings you.
* * * LOW HITPOINT WARNING * * *
You are more poisoned.
The killer bee poisons you! You block the killer bee's attack.
* * * LOW HITPOINT WARNING * * *
You feel sick. You block the killer bee's attack.
* * * LOW HITPOINT WARNING * * *
You feel sick. You block the killer bee's attack. x2
There is a stone staircase leading up, spattered with blood here.
* * * LOW HITPOINT WARNING * * *
You feel sick. You block the killer bee's attack. The killer bee stings you.
You die...

..# #.# #......##...###.. ###
#.# #..#...##....##.. ##.#
#..#...#......#.. #..#
#..#.###......###
#.####..#.##.......## #. #.#
#..####.........# #. #.#
#.[####...##....# ..
#.###).##[.....###.### #.
#...)@y#.[...........# #.
#####yyy[............. #.
####.#...#.#####..
#.#############..............
#.........†...>.............#
#####################.#######
#.####### #........ #########


You could see 4 killer bees.

Vanquished Creatures
  Grinder (D:5)
  A wyvern (D:4)
  5 yaks
  A hippogriff (D:8)
  A hungry ghost (D:8)
  2 orc warriors
  A phantom (D:9)
  3 ice beasts
  A sky beast (D:4)
  A necrophage (D:7)
  7 centaurs
  6 ogres
  3 giant frogs
  12 killer bees
  A howler monkey (D:4)
  4 wights
  2 electric eels (D:8)
  A giant frog zombie (D:9)
  4 crimson imps
  2 jellies (D:9)
  3 orc priests
  Crazy Yiuf (D:2)
  5 hounds
  A centaur skeleton (D:7)
  5 gnoll shamans (D:3)
  An iguana (D:5)
  11 orc wizards
  3 worker ants
  25 gnolls (D:3)
  A worker ant zombie (D:9)
  13 adders
  A shadow imp (D:5)
  3 adder skeletons
  A worm (D:3)
  A dart slug (D:1)
  9 giant geckos
  15 orcs
  2 ball pythons
  4 bats
  9 giant cockroaches
  11 goblins
  5 hobgoblins
  27 jackals
  5 quokkas
  4 giant newts
  A jackal skeleton (D:4)
  6 kobolds
  A quokka skeleton (D:4)
  10 rats
243 creatures vanquished.

Vanquished Creatures (others)
  An orc wizard (D:9)
1 creature vanquished.

Grand Total: 244 creatures vanquished

Notes
Turn   | Place    | Note
--------------------------------------------------------------
     0 | D:1      | mrath the Minotaur Fighter began the quest for the Orb.
     0 | D:1      | Reached XP level 1. HP: 19/19 MP: 0/0
   305 | D:1      | Reached skill level 3 in Maces & Flails
   500 | D:1      | Reached XP level 2. HP: 26/26 MP: 1/1
   770 | D:2      | Reached skill level 4 in Maces & Flails
   780 | D:2      | Reached XP level 3. HP: 30/31 MP: 2/2
   788 | D:2      | Found a white marble altar of Elyvilon.
  1120 | D:2      | Reached skill level 5 in Maces & Flails
  1403 | D:2      | Reached XP level 4. HP: 36/39 MP: 3/3
  1600 | D:2      | Noticed Crazy Yiuf
  1605 | D:2      | Killed Crazy Yiuf
  1652 | D:2      | Reached skill level 6 in Maces & Flails
  2048 | D:3      | Reached XP level 5. HP: 34/45 MP: 4/4
  2108 | D:3      | Reached skill level 7 in Maces & Flails
  2118 | D:3      | HP: 2/45 [poisoned by an orc wizard]
  2436 | D:3      | Found a snail-covered altar of Cheibriados.
  2484 | D:3      | Found a shimmering altar of Xom.
  2487 | D:3      | Found a shimmering altar of Xom.
  2487 | D:3      | Found a shimmering altar of Xom.
  2551 | D:3      | Found a bloodstained altar of Trog.
  2912 | D:3      | Reached XP level 6. HP: 51/51 MP: 5/5
  3084 | D:3      | Reached skill level 8 in Maces & Flails
  3224 | D:3      | Reached skill level 9 in Maces & Flails
  3332 | D:3      | Reached XP level 7. HP: 35/57 MP: 6/6
  3751 | D:3      | Reached skill level 10 in Maces & Flails
  4041 | D:4      | Found a shadowy altar of Dithmenos.
  4045 | D:4      | Noticed Zhenya25pyc's ghost (amateur GrFi)
  4150 | D:4      | Reached skill level 1 in Throwing
  4356 | D:4      | Reached XP level 8. HP: 66/67 MP: 7/7
  4541 | D:4      | Reached skill level 1 in Dodging
  4702 | D:4      | Reached skill level 5 in Fighting
  4857 | D:5      | Entered Level 5 of the Dungeon
  4948 | D:5      | Noticed Grinder
  4957 | D:5      | Killed Grinder
  5134 | D:5      | Reached skill level 5 in Armour
  5142 | D:5      | Reached skill level 5 in Shields
  5830 | D:6      | Found an opulent altar of Gozag.
  5830 | D:6      | Found a sparkling altar of Nemelex Xobeh.
  5862 | D:6      | Reached XP level 9. HP: 74/78 MP: 8/8
  6370 | D:6      | Found a staircase to the Ecumenical Temple.
  6377 | Temple   | Entered the Ecumenical Temple
  6389 | Temple   | Became a worshipper of Warmaster Okawaru
  6842 | D:7      | Found a glowing golden altar of the Shining One.
  7035 | D:7      | Found Ukhoh's Armour Emporium.
  7108 | D:7      | Reached skill level 1 in Evocations
  7326 | D:8      | Reached skill level 11 in Maces & Flails
  7378 | D:8      | Got a shimmering long sword
  7379 | D:8      | Identified the cursed +0 long sword "Anatarej" {slice, -Tele *Contam rC+ Str+10} (You found it on level 8 of the Dungeon)
  7393 | D:8      | Found a blossoming altar of Fedhas.
  7448 | D:8      | Reached * piety under Okawaru
  7617 | D:8      | Found a sacrificial altar of Ru.
  7617 | D:8      | Found a deep blue altar of Sif Muna.
  7617 | D:8      | Found a basalt altar of Yredelemnul.
  8615 | D:8      | Reached ** piety under Okawaru
  8750 | D:9      | Reached XP level 10. HP: 90/90 MP: 10/10
  9566 | D:9      | Reached skill level 5 in Dodging
  9579 | D:9      | Reached *** piety under Okawaru
  9898 | D:9      | HP: 4/91 [killer bee (2)]
  9900 | D:9      | HP: 1/91 [poisoned by a killer bee]
  9901 | D:9      | Slain by a killer bee

Vault maps used:
D:1:      erik_arrival_triangle_small
D:2:      nicolae_overflow_crystal_walls, serial_bayou_lagoon_a,
          uniq_crazy_yiuf_cottage
D:3:      lemuel_castle_with_subvaults, cheibriados_altar_1, xom_redecorated,
          bloody_trog
D:4:      grunt_dithmenos_smoke_and_mirrors
D:5:      first_bread, uniq_grinder
D:6:      grunt_temple_overflow_opulence, minmay_temple_entry_nine_rooms
D:7:      old_standard_altar, serial_shops, shop_statue
D:8:      old_standard_altar, gammafunk_temple_overflow_claw, water_maze_lemuel
D:9:      minmay_flawed_box, grunt_temple_overflow_order_and_chaos_2,
          lemuel_crystal_altar, erik_orc_1, the_bakery
Temple:   nicolae_temple_no_exploring_needed

Skill      XL: |  1  2  3  4  5  6  7  8  9 10 |
---------------+-------------------------------+-----
Maces & Flails | 3 4 5 6 7 9 10 11 | 11.4
Fighting       | 4 6 8 9 |  9.2
Throwing       | 1 2 4 |  4.4
Armour         | 4 5 6 7 |  7.0
Shields        | 4 5 6 |  6.6
Dodging        | 2 4 5 |  5.1
Evocations     | 2 3 |  3.3

Action                   |  1- 3 |  4- 6 |  7- 9 | 10-12 || total
-------------------------+-------+-------+-------+-------++-------
Melee: Flail             |    95 |    13 |       |       ||   108
       Headbutt          |    12 |    30 |    74 |    30 ||   146
       Mace              |       |   139 |   367 |   142 ||   648
Throw: Stone             |       |     2 |       |       ||     2
       Tomahawk          |       |       |    10 |     6 ||    16
Invok: Heroism           |       |       |       |     5 ||     5
  Use: Scroll            |       |     7 |     3 |     1 ||    11
       Potion            |       |     1 |       |     2 ||     3
  Eat: Chunk             |     2 |     7 |    18 |     4 ||    31
       Pizza             |       |       |     1 |       ||     1
Armor: Scale mail        |    37 |    37 |   121 |       ||   195
       Ring mail         |       |    13 |       |       ||    13
       Chain mail        |       |       |     4 |     7 ||    11
       Plate armour      |       |       |       |    87 ||    87
Dodge: Dodged            |    27 |    39 |    92 |    39 ||   197
Block: Shield            |    43 |    83 |   182 |    98 ||   406
